 Dungeon Crawl Stone Soup version 0.25-a0-558-g78a2afb0af (webtiles) character file.

Game seed: 15922092428908666986, levelgen mode: deterministic

26606 Flugslaktarn the Severer (level 12, -11/78 HPs)
             Began as a Minotaur Fighter on Feb 24, 2020.
             Was an Initiate of Gozag.
             Mangled by a large abomination (22 damage)
             ... on level 4 of the Abyss.
             The game lasted 00:08:21 (12055 turns).

Flugslaktarn the Severer (Minotaur Fighter)        Turns: 12055, Time: 00:08:22

Health: -11/78     AC: 29    Str: 21      XL:     12   Next: 99%
Magic:  8/8        EV:  7    Int: 11      God:    Gozag
Gold:   3596       SH: 13    Dex:  5 (7)  Spells: 11/11 levels left

rFire    . . .     SeeInvis +   H - +0 broad axe
rCold    + . .     Gourm    .   E - +2 kite shield {AC+3}
rNeg     . . .     Faith    .   A - +6 chain mail of Hiveduew {rPois rF- Int+4}
rPois    +         Spirit   .   o - +3 crown of Dyrovepreva {rElec Int+2 SInv}
rElec    +         Reflect  .   (no cloak)
rCorr    +         Harm     .   M - +0 pair of gloves
MR       ++...     Rnd*Rage +   x - +0 pair of boots
Stlth    ..........             j - amulet of regeneration
HPRegen  0.63/turn              F - ring of protection from magic
MPRegen  0.11/turn              m - ring of protection from magic

@: mighty, resistant, stab, flying, hasted, drained, invisible, very quick
A: retaliatory headbutt, horns 2, molten scales 1, [berserk 2], [clumsy 2],
[deterioration 2], [frail 3], [low mp 2], shaggy fur 1, [weak 2], [subdued magic
2]
a: Potion Petition, Call Merchant, Bribe Branch, Renounce Religion


You were on level 4 of the Abyss.
You worshipped Gozag.
Gozag was most pleased with you.
You were not hungry.

You visited 2 branches of the dungeon, and saw 16 of its levels.
You visited the Abyss 1 time.

You collected 4563 gold pieces.
You spent 932 gold pieces at shops.
You paid 35 gold pieces to Gozag.

Inventory:

Hand Weapons
 H - a +0 broad axe (weapon)
   (You took it off an orc high priest on level 1 of the Orcish Mines)
Armour
 a - a +2 kite shield
   (You found it on level 4 of the Abyss)
 o - the +3 crown of Dyrovepreva (worn) {rElec Int+2 SInv}
   (You found it on level 5 of the Dungeon)

   It affects your intelligence (+2).
   It insulates you from electricity.
   It lets you see invisible.
   If you remove this armour, your AC will decrease by 3 (29 -> 26).
 x - a +0 pair of boots (worn)
   (You bought it in a shop on level 6 of the Dungeon)
 A - the +6 chain mail of Hiveduew (worn) {rPois rF- Int+4}
   (You found it on level 4 of the Dungeon)

   It affects your intelligence (+4).
   It makes you vulnerable to fire.
   It protects you from poison.
   If you remove this armour, your AC will decrease by 18 (29 -> 11).
 E - a +2 kite shield of protection (worn)
   (You took it off a tengu warrior on level 13 of the Dungeon)
 M - a +0 pair of gloves (worn)
   (You found it on level 11 of the Dungeon)
Jewellery
 c - an uncursed ring of protection from cold
   (You found it on level 10 of the Dungeon)
 j - an amulet of regeneration (around neck)
   (You found it on level 2 of the Dungeon)
 m - a ring of protection from magic (right hand)
   (You found it on level 3 of the Dungeon)
 F - a ring of protection from magic (left hand)
   (You took it off a kobold on level 9 of the Dungeon)
Wands
 p - a wand of paralysis (11)
   (You found it on level 6 of the Dungeon)
 v - a wand of digging (23)
   (You found it on level 4 of the Dungeon)
 D - a wand of clouds (3)
   (You found it on level 7 of the Dungeon)
Scrolls
 f - a scroll of enchant weapon
 l - 3 scrolls of vulnerability
 r - 6 scrolls of identify
 t - 8 scrolls of teleportation
 w - 5 scrolls of remove curse
 y - 2 scrolls of magic mapping
 J - a scroll of enchant armour
Potions
 b - 2 potions of mutation
 d - 7 potions of might
 g - 12 potions of curing
 h - 4 potions of haste
 i - 5 potions of flight
 k - a potion of brilliance
 n - 4 potions of resistance
 q - 3 potions of ambrosia
 s - 3 potions of heal wounds
 u - 2 potions of stabbing
 z - 2 potions of cancellation
 B - 2 potions of invisibility
 C - 2 potions of lignification
 G - a potion of magic
Miscellaneous
 L - a lamp of fire
   (You found it on level 11 of the Dungeon)
Comestibles
 e - 10 rations


   Skills:
 + Level 12.2(10.9) Fighting
 * Level 15.9(14.5) Axes
 + Level 12.2(10.9) Armour
 + Level 12.2(10.9) Shields


You had 11 spell levels left.
You didn't know any spells.
Your spell library was empty.

Dungeon Overview and Level Annotations

Branches:
Dungeon (14/15)            Temple (0/1) D:7            Lair (0/6) D:8
    Orc (2/2) D:11
    Elf: Orc:2       Vaults: D:13-14

Altars:
Ashenzari
Cheibriados
Dithmenos
Elyvilon
Gozag
Kikubaaqudgha
Qazlal
Ru
Trog
Uskayaw
Vehumet
Wu Jian
Xom
Yredelemnul
Zin

Shops:
D:4 !   D:6 [   D:12 (   D:13 !   Orc:1 *=![%   Orc:2 (


Innate Abilities, Weirdness & Mutations

You reflexively headbutt those who attack you in melee.
You have a pair of horns on your head.
You are partially covered in molten scales. (AC +2)
You are covered in fur. (AC +1)
[You often lose your temper in combat.]
[You are very clumsy. (Dex -4)]
[Your body often deteriorates upon taking damage.]
[You are extremely frail. (-30% HP)]
[Your magical capacity is very low. (-20% MP)]
[You are very weak. (Str -4)]
[Your spells are easier to cast, but less powerful.]


Message History

The large abomination is moderately damaged.
You slash the large abomination!
The wretched star pulses with an eldritch light!
You feel frail.
You feel weaker. x2
The large abomination closely misses you.
Found a scroll of identify.
You see here 5 gold pieces.
Okay, then. [a] - 0 gold - heal wounds and curing [b] - 0 gold - resistance, might, haste, flight, stabbing and invisibility [c] - 0 gold - haste and heal wounds Purchase which effect?
You feel protected.
You feel very mighty all of a sudden.
You feel yourself speed up.
You feel very buoyant.
You fly up into the air.
You feel ready to backstab.
You fade into invisibility!
The large abomination hits you!!
You die...
Your body crumbles into a pile of gold.

.#....##...... ..
.#.. #............
.. #..$#
#........... ..
#...###...........
#.............. .
#..................
#....*......... ...
##...*.....#.. . ..
$ #..@#.......#.. .
#.#.#X......... ..
#.........##.#....
#.#.?.....#.# #...
......#....... ..
.......#........
#.............##.
.?.#............
.#..... .......


You could see 2 wretched stars and a large abomination.

Vanquished Creatures
  An ettin (Orc:1)
  Erolcha (Orc:1)
  A hydra (D:13)
  A two-headed ogre (D:9)
  2 tengu warriors
  An orc high priest (Orc:1)
  3 orc knights (Orc:1)
  3 ugly things
  An orc sorcerer (Orc:2)
  A manticore (D:13)
  2 centaur zombies (D:12)
  5 trolls
  Grinder (D:6)
  A raiju (shapeshifter) (D:13)
  3 hornets
  3 hippogriffs
  27 yaks
  A spriggan (D:12)
  A wraith (D:11)
  A shadow (D:12)
  5 hungry ghosts
  A basilisk (D:13)
  2 wyverns (D:11)
  3 vampire mosquitoes (D:13)
  3 steam dragons
  16 orc warriors
  3 eyes of draining
  A hornet zombie (D:13)
  3 ice beasts
  A black bear (D:8)
  4 phantoms
  3 sky beasts
  18 ogres
  10 centaurs
  2 crocodiles (D:8)
  6 big kobolds
  9 bullfrogs
  A wyvern zombie (D:10)
  3 gnoll sergeants
  9 wights
  5 killer bees (D:13)
  An electric eel (D:13)
  6 crimson imps
  2 jellies
  2 bullfrog zombies
  9 hounds
  A quasit (D:11)
  8 orc priests
  3 bullfrog skeletons
  3 centaur skeletons
  4 iguanas
  Ijyb (D:3)
  15 orc wizards
  Terence (D:3)
  12 worker ants
  2 hound skeletons
  3 worker ant zombies
  8 gnolls
  16 adders
  An ufetubus (Abyss:4)
  3 oozes
  5 worms
  A dart slug (D:4)
  3 leopard geckos
  56 orcs
  9 bats
  7 giant cockroaches
  8 goblins
  11 hobgoblins
  6 jackals
  12 kobolds
  7 quokkas
  A ball python (D:3)
  4 frilled lizards
  A leopard gecko skeleton (D:6)
  6 rats
  A spectral orc (D:8)
407 creatures vanquished.

Vanquished Creatures (others)
  A kobold (D:2)
  3 fungi (Orc:2)
4 creatures vanquished.

Grand Total: 411 creatures vanquished

Notes
Turn   | Place    | Note
-------+----------+-------------------------------------------
     0 | D:1      | Flugslaktarn the Minotaur Fighter began the quest for the
                  | Orb.
     0 | D:1      | Reached XP level 1. HP: 19/19 MP: 0/0
    82 | D:1      | Reached XP level 2. HP: 15/27 MP: 1/1
   121 | D:2      | Reached skill level 3 in Axes
   143 | D:2      | Reached XP level 3. HP: 17/33 MP: 2/2
   352 | D:2      | Found a stormy altar of Qazlal.
   391 | D:2      | Found an opulent altar of Gozag.
   418 | D:2      | Became a worshipper of Gozag Ym Sagoz the Greedy
   432 | D:2      | Found a white marble altar of Elyvilon.
   437 | D:2      | Found a shadowy altar of Dithmenos.
   568 | D:2      | Reached XP level 4. HP: 40/40 MP: 3/3
   616 | D:3      | Noticed Ijyb
   621 | D:3      | Paralysed by something for 4 turns
   630 | D:3      | Paralysed by something for 6 turns
   642 | D:3      | Reached skill level 4 in Axes
   649 | D:3      | Killed Ijyb
   912 | D:3      | Noticed Terence
   921 | D:3      | Killed Terence
   921 | D:3      | Reached XP level 5. HP: 31/47 MP: 4/4
  1021 | D:3      | Found a bloodstained altar of Trog.
  1021 | D:3      | Noticed an eye of draining
  1021 | D:3      | Noticed an eye of draining
  1030 | D:3      | Killed an eye of draining
  1030 | D:3      | Reached skill level 5 in Axes
  1030 | D:3      | Reached XP level 6. HP: 55/55 MP: 0/5
  1039 | D:3      | Reached skill level 5 in Fighting
  1039 | D:3      | Reached skill level 5 in Armour
  1039 | D:3      | Reached skill level 5 in Shields
  1339 | D:3      | Found a shimmering altar of Xom.
  1801 | D:4      | Got a citrine-studded chain mail
  1812 | D:4      | Identified the +6 chain mail of Hiveduew {rPois rF- Int+4}
                  | (You found it on level 4 of the Dungeon)
  1889 | D:4      | Reached skill level 6 in Axes
  1911 | D:4      | Found Oxkuzal's Distillery.
  1923 | D:4      | Reached XP level 7. HP: 61/61 MP: 6/6
  1936 | D:4      | Bought a potion of mutation for 80 gold pieces
  1936 | D:4      | Bought 2 potions of cancellation for 160 gold pieces
  1936 | D:4      | Bought a potion of heal wounds for 50 gold pieces
  1936 | D:4      | Bought a potion of curing for 30 gold pieces
  2315 | D:5      | Entered Level 5 of the Dungeon
  2470 | D:5      | Found an ancient bone altar of Kikubaaqudgha.
  2470 | D:5      | Found a glowing silver altar of Zin.
  2551 | D:5      | Found a snail-covered altar of Cheibriados.
  2733 | D:5      | Reached skill level 7 in Axes
  2788 | D:5      | Found the +3 crown of Dyrovepreva {rElec Int+2 SInv}
  3335 | D:6      | Noticed Grinder
  3354 | D:6      | Reached XP level 8. HP: 70/70 MP: 7/7
  3362 | D:6      | Paralysed by Grinder for 2 turns
  3365 | D:6      | Killed Grinder
  3520 | D:6      | Reached skill level 8 in Axes
  3621 | D:6      | Found Weskisant's Antique Armour Shop.
  3822 | D:6      | Bought a pair of boots for 94 gold pieces
  4228 | D:6      | Found an ornate altar of the Wu Jian Council.
  4400 | D:7      | Found a shattered altar of Ashenzari.
  4469 | D:7      | Found a staircase to the Ecumenical Temple.
  4496 | D:7      | Noticed a hippogriff
  4506 | D:7      | Reached skill level 9 in Axes
  4510 | D:7      | Killed a hippogriff
  4510 | D:7      | Reached XP level 9. HP: 56/79 MP: 8/8
  4610 | D:7      | Found a sacrificial altar of Ru.
  4631 | D:7      | Found a radiant altar of Vehumet.
  4963 | D:8      | Reached skill level 10 in Axes
  5114 | D:8      | Found a basalt altar of Yredelemnul.
  5188 | D:8      | Found a staircase to the Lair.
  5590 | D:9      | Noticed a two-headed ogre
  5598 | D:9      | Killed a two-headed ogre
  5598 | D:9      | Reached skill level 11 in Axes
  5598 | D:9      | Reached XP level 10. HP: 70/90 MP: 9/9
  5997 | D:9      | Found a hide-covered altar of Uskayaw.
  6000 | D:9      | Noticed a +0 hand axe
  6000 | D:9      | Noticed a +0 hand axe
  6342 | D:10     | Entered Level 10 of the Dungeon
  6605 | D:10     | Reached skill level 12 in Axes
  7435 | D:11     | Reached XP level 11. HP: 94/99 MP: 10/10
  7473 | D:11     | Found a staircase to the Orcish Mines.
  7493 | D:11     | Reached skill level 10 in Armour
  7495 | D:11     | Reached skill level 10 in Fighting
  7637 | D:11     | Reached skill level 10 in Shields
  7676 | D:11     | Noticed a purple ugly thing
  7691 | D:11     | Killed a purple ugly thing
  7691 | D:11     | Reached skill level 13 in Axes
  8122 | D:11     | Paralysed by a hornet for 2 turns
  8633 | D:12     | Found Batawkesk's Weapon Shoppe.
  8642 | D:12     | Reached skill level 14 in Axes
  9184 | D:13     | Got a bloodstained chain mail
  9185 | D:13     | Identified the +1 chain mail of Defiance {Str+4} (You found
                  | it on level 13 of the Dungeon)
  9395 | D:13     | Reached XP level 12. HP: 104/110 MP: 11/11
  9416 | D:13     | Noticed a seven-headed hydra
  9437 | D:13     | Killed a seven-headed hydra
  9578 | D:13     | Found Nuxtaza's Distillery.
  9584 | D:13     | Bought a potion of haste for 140 gold pieces
  9584 | D:13     | Bought a potion of heal wounds for 70 gold pieces
  9584 | D:13     | Bought a potion of resistance for 140 gold pieces
  9584 | D:13     | Bought a potion of might for 56 gold pieces
  9584 | D:13     | Bought a potion of might for 56 gold pieces
  9584 | D:13     | Bought a potion of might for 56 gold pieces
  9870 | D:13     | Noticed a tengu warrior
  9894 | D:13     | Killed a tengu warrior
 10012 | D:13     | Reached skill level 15 in Axes
 10485 | D:14     | Noticed a tengu warrior
 10510 | D:14     | Killed a tengu warrior
 10523 | D:14     | Noticed a centaur warrior
 10546 | D:14     | Noticed a five-headed hydra
 10769 | Orc:1    | Entered Level 1 of the Orcish Mines
 10770 | Orc:1    | Noticed Erolcha
 10778 | Orc:1    | Killed Erolcha
 10809 | Orc:1    | Found Qusmirod's Jewellery Boutique.
 10833 | Orc:1    | Noticed an ettin
 10834 | Orc:1    | Found Piluc's Distillery.
 10845 | Orc:1    | Killed an ettin
 10861 | Orc:1    | Found Joddoume's Armour Shoppe.
 10979 | Orc:1    | Gained mutation: [You are frail. (-10% HP)] [potion of
                  | mutation]
 10979 | Orc:1    | Gained mutation: You can translocate small distances at
                  | will. [potion of mutation]
 10979 | Orc:1    | Gained mutation: Your system is resistant to poisons.
                  | (rPois) [potion of mutation]
 10980 | Orc:1    | Lost mutation: [You are frail. (-10% HP)] [potion of
                  | mutation]
 10980 | Orc:1    | Lost mutation: You can translocate small distances at will.
                  | [potion of mutation]
 10980 | Orc:1    | Lost mutation: Your system is resistant to poisons. (rPois)
                  | [potion of mutation]
 10980 | Orc:1    | Gained mutation: Your muscles are strong. (Str +2) [potion
                  | of mutation]
 10980 | Orc:1    | Gained mutation: You are covered in fur. (AC +1) [potion of
                  | mutation]
 10980 | Orc:1    | Lost mutation: Your muscles are strong. (Str +2) [potion of
                  | mutation]
 10980 | Orc:1    | Gained mutation: You are partially covered in molten
                  | scales. (AC +2) [potion of mutation]
 11190 | Orc:1    | Found Maxawox's Food Boutique.
 11568 | Orc:1    | Found Ritajen's Assorted Antiques.
 11574 | Orc:1    | Noticed an orc high priest
 11590 | Orc:1    | Killed an orc high priest
 11840 | Orc:2    | Entered Level 2 of the Orcish Mines
 11994 | Orc:2    | Found Eqew's Antique Weapon Emporium.
 11994 | Orc:2    | Noticed an orc warlord
 12004 | Orc:2    | Cast into level 3 of the Abyss (orc warlord)
 12004 | Abyss:3  | Found a corrupted altar of Lugonu.
 12055 | Abyss:4  | Mangled by a large abomination

Levels and vault maps discovered:
D:1:      dpeg_arrival_lava_temple_mockup, layout_loops_ring
D:2:      minmay_chambers_of_twos, layout_rooms, elyvilon_altar_4,
          tso_metal_star, grunt_dithmenos_smoke, lemuel_crystal_altar,
          nicolae_gozag_cash_rules_everything_around_me, first_ration
D:3:      layout_loops_ring, trog_eyes_of_draining, tgw_xom,
          lightli_corner_chamber, uniq_ijyb, uniq_terence
D:4:      layout_rooms, serial_shops, shop
D:5:      layout_basic, overflow_temple_1_default,
          gammafunk_temple_overflow_wave, serial_park_tiny_2, corexii_shack
D:6:      layout_loops_corners, kennysheep_mini_moat, serial_shops,
          kennysheep_mini, chequers_serial_rivers_small_3, uniq_grinder
D:7:      layout_cave_pools, nicolae_ru_sacrificial_ziggurat,
          cheibrodos_ashenzari_chains, old_standard_altar,
          minmay_temple_entry_grid
D:8:      layout_rooms, yredelemnul_forgotten_temple_becter, david_lair_generic
D:9:      cheibrodos_steamvent, layout_layer_cave, dancing_weapons_uskayaw
D:10:     layout_roguey
D:11:     layout_irregular_city, kennysheep_orc_monster_closet_entryway
D:12:     layout_rooms, serial_shops, shop, the_bakery
D:13:     minmay_cornered_nines, layout_basic, serial_shops, nicolae_shop_stone,
          water_boxes_lemuel
D:14:     minmay_goldmine, layout_loops_ring,
          hangedman_vaults_entry_quadrant_bands, minmay_bent, uniq_nessos
Orc:1:    layout_caves, serial_shops, nicolae_shop_stone,
          nicolae_shop_temple_entry_statues_fountains,
          nicolae_shop_behind_doors, shop, shop, sword_in_stone, uniq_erolcha
Orc:2:    grunt_orc_gardens, layout_caves, grunt_orc_garden, grunt_orc_garden,
          grunt_orc_garden, grunt_orc_garden, nicolae_orc_pool_cavern,
          nicolae_orc_lava_tube
Abyss:4:  base: Orc:2, evilmike_abyss_rune_tso_outpost,
          grunt_abyss_exit_deep_breaths, hangedman_stitches_earthworm

Skill      XL: |  1  2  3  4  5  6  7  8  9 10 11 12 |
---------------+-------------------------------------+-----
Axes           | 3 4 5 6 7 9 11 12 14 15 | 15.9
Fighting       | 4 5 6 7 8 9 11 12 | 12.2
Armour         | 4 5 6 7 8 9 11 12 | 12.2
Shields        | 4 5 6 7 8 9 11 12 | 12.2

Action                   |  1- 3 |  4- 6 |  7- 9 | 10-12 || total
-------------------------+-------+-------+-------+-------++-------
Melee: War axe           |    55 |   117 |   347 |   834 ||  1353
       Headbutt          |     7 |    28 |    67 |   197 ||   299
       Broad axe         |       |       |       |    63 ||    63
Invok: Potion Petition   |       |       |       |     1 ||     1
Evoke: Wand              |       |       |       |     3 ||     3
       Lamp of fire      |       |       |       |     1 ||     1
  Use: Scroll            |       |       |    15 |     6 ||    21
       Potion            |       |       |       |     2 ||     2
 Stab: Distracted        |       |       |       |     6 ||     6
  Eat: Ration            |       |     1 |     4 |    10 ||    15
Armor: Scale mail        |    31 |    33 |       |       ||    64
       Chain mail        |       |    34 |   172 |   422 ||   628
Dodge: Dodged            |    16 |    35 |    68 |   173 ||   292
Block: Kite shield       |    27 |    49 |   177 |   454 ||   707

Table legend:
 A = Non-vault XP
 B = Vault XP
 C = Vault XP percentage of total XP
 D = Non-vault monster count
 E = Vault monster count
 F = Vault count percentage of total count
                 A         B        C        D         E       F
            +---------+---------+-------+---------+---------+-------
      Total |   29160 |    8849 |  23.3 |     348 |      59 |  14.5
            +---------+---------+-------+---------+---------+-------
        D:1 |      13 |       0 |   0.0 |       7 |       0 |   0.0
        D:2 |      80 |      15 |  15.8 |      19 |       2 |   9.5
        D:3 |      64 |     356 |  84.8 |      25 |      12 |  32.4
        D:4 |     429 |       0 |   0.0 |      23 |       0 |   0.0
        D:5 |     344 |       2 |   0.6 |       9 |       1 |  10.0
        D:6 |     726 |     277 |  27.6 |      22 |       1 |   4.3
        D:7 |    1139 |       0 |   0.0 |      19 |       0 |   0.0
        D:8 |     677 |     685 |  50.3 |      20 |       5 |  20.0
        D:9 |    2148 |     353 |  14.1 |      19 |       2 |   9.5
       D:10 |    2574 |       0 |   0.0 |      29 |       0 |   0.0
       D:11 |    4169 |    1340 |  24.3 |      36 |      20 |  35.7
       D:12 |    4694 |     211 |   4.3 |      30 |       1 |   3.2
       D:13 |    6869 |    1593 |  18.8 |      40 |       4 |   9.1
       D:14 |     952 |       0 |   0.0 |       5 |       0 |   0.0
      Orc:1 |    3213 |    3089 |  49.0 |      20 |       7 |  25.9
      Orc:2 |    1061 |     928 |  46.7 |      24 |       4 |  14.3
    Abyss:4 |       8 |       0 |   0.0 |       1 |       0 |   0.0
            +---------+---------+-------+---------+---------+-------
